%YAML 1.1
%TAG !u! tag:unity3d.com,2011:
--- !u!1 &7668383037924942435
GameObject:
  m_ObjectHideFlags: 0
  m_CorrespondingSourceObject: {fileID: 0}
  m_PrefabInstance: {fileID: 0}
  m_PrefabAsset: {fileID: 0}
  serializedVersion: 6
  m_Component:
  - component: {fileID: 7668383037924942436}
  m_Layer: 0
  m_Name: Runes
  m_TagString: Untagged
  m_Icon: {fileID: 0}
  m_NavMeshLayer: 0
  m_StaticEditorFlags: 0
  m_IsActive: 1
--- !u!4 &7668383037924942436
Transform:
  m_ObjectHideFlags: 0
  m_CorrespondingSourceObject: {fileID: 0}
  m_PrefabInstance: {fileID: 0}
  m_PrefabAsset: {fileID: 0}
  m_GameObject: {fileID: 7668383037924942435}
  m_LocalRotation: {x: 0, y: 0, z: 0, w: 1}
  m_LocalPosition: {x: 0, y: 0, z: 0}
  m_LocalScale: {x: 1, y: 1, z: 1}
  m_Children:
  - {fileID: 7668383038649184377}
  - {fileID: 7668383038785236408}
  - {fileID: 7668383037984688948}
  - {fileID: 7668383038440134020}
  m_Father: {fileID: 7668383039541871513}
  m_RootOrder: 3
  m_LocalEulerAnglesHint: {x: 0, y: 0, z: 0}
--- !u!64 &7668383037999718312
MeshCollider:
  m_ObjectHideFlags: 0
  m_CorrespondingSourceObject: {fileID: 0}
  m_PrefabInstance: {fileID: 0}
  m_PrefabAsset: {fileID: 0}
  m_GameObject: {fileID: 7668383037954488195}
  m_Material: {fileID: 0}
  m_IsTrigger: 0
  m_Enabled: 1
  serializedVersion: 4
  m_Convex: 0
  m_CookingOptions: 30
  m_Mesh: {fileID: 4300000, guid: 78666b157dd3af4408d100651b7b698a, type: 3}
--- !u!64 &7668383039139541845
MeshCollider:
  m_ObjectHideFlags: 0
  m_CorrespondingSourceObject: {fileID: 0}
  m_PrefabInstance: {fileID: 0}
  m_PrefabAsset: {fileID: 0}
  m_GameObject: {fileID: 7668383038066883958}
  m_Material: {fileID: 0}
  m_IsTrigger: 0
  m_Enabled: 1
  serializedVersion: 4
  m_Convex: 1
  m_CookingOptions: 30
  m_Mesh: {fileID: 4300000, guid: f76b41ce1e7c04448838dd8b9a2e6aa9, type: 3}
--- !u!1 &7668383038120014713
GameObject:
  m_ObjectHideFlags: 0
  m_CorrespondingSourceObject: {fileID: 0}
  m_PrefabInstance: {fileID: 0}
  m_PrefabAsset: {fileID: 0}
  serializedVersion: 6
  m_Component:
  - component: {fileID: 7668383038120014714}
  m_Layer: 0
  m_Name: NightScene
  m_TagString: Untagged
  m_Icon: {fileID: 0}
  m_NavMeshLayer: 0
  m_StaticEditorFlags: 0
  m_IsActive: 1
--- !u!4 &7668383038120014714
Transform:
  m_ObjectHideFlags: 0
  m_CorrespondingSourceObject: {fileID: 0}
  m_PrefabInstance: {fileID: 0}
  m_PrefabAsset: {fileID: 0}
  m_GameObject: {fileID: 7668383038120014713}
  m_LocalRotation: {x: -0, y: -0, z: -0, w: 1}
  m_LocalPosition: {x: 0, y: 0, z: 0}
  m_LocalScale: {x: 1, y: 1, z: 1}
  m_Children:
  - {fileID: 7668383038851688499}
  - {fileID: 7694613852204532192}
  m_Father: {fileID: 7668383039541871513}
  m_RootOrder: 1
  m_LocalEulerAnglesHint: {x: 0, y: 0, z: 0}
--- !u!1 &7668383038390308232
GameObject:
  m_ObjectHideFlags: 0
  m_CorrespondingSourceObject: {fileID: 0}
  m_PrefabInstance: {fileID: 0}
  m_PrefabAsset: {fileID: 0}
  serializedVersion: 6
  m_Component:
  - component: {fileID: 7668383038390308233}
  m_Layer: 0
  m_Name: Rocks
  m_TagString: Untagged
  m_Icon: {fileID: 0}
  m_NavMeshLayer: 0
  m_StaticEditorFlags: 0
  m_IsActive: 1
--- !u!4 &7668383038390308233
Transform:
  m_ObjectHideFlags: 0
  m_CorrespondingSourceObject: {fileID: 0}
  m_PrefabInstance: {fileID: 0}
  m_PrefabAsset: {fileID: 0}
  m_GameObject: {fileID: 7668383038390308232}
  m_LocalRotation: {x: 0, y: 0, z: 0, w: 1}
  m_LocalPosition: {x: 0, y: 0, z: 0}
  m_LocalScale: {x: 1, y: 1, z: 1}
  m_Children:
  - {fileID: 7668383038593707020}
  - {fileID: 7668383038066975062}
  - {fileID: 7668383038698980816}
  - {fileID: 7668383038515437419}
  m_Father: {fileID: 7668383039541871513}
  m_RootOrder: 4
  m_LocalEulerAnglesHint: {x: 0, y: 0, z: 0}
--- !u!64 &7668383038068652504
MeshCollider:
  m_ObjectHideFlags: 0
  m_CorrespondingSourceObject: {fileID: 0}
  m_PrefabInstance: {fileID: 0}
  m_PrefabAsset: {fileID: 0}
  m_GameObject: {fileID: 7668383038514938699}
  m_Material: {fileID: 0}
  m_IsTrigger: 0
  m_Enabled: 1
  serializedVersion: 4
  m_Convex: 1
  m_CookingOptions: 30
  m_Mesh: {fileID: 4300000, guid: f76b41ce1e7c04448838dd8b9a2e6aa9, type: 3}
--- !u!64 &7668383038426926994
MeshCollider:
  m_ObjectHideFlags: 0
  m_CorrespondingSourceObject: {fileID: 0}
  m_PrefabInstance: {fileID: 0}
  m_PrefabAsset: {fileID: 0}
  m_GameObject: {fileID: 7668383038593937452}
  m_Material: {fileID: 0}
  m_IsTrigger: 0
  m_Enabled: 1
  serializedVersion: 4
  m_Convex: 1
  m_CookingOptions: 30
  m_Mesh: {fileID: 4300000, guid: f76b41ce1e7c04448838dd8b9a2e6aa9, type: 3}
--- !u!64 &7668383039259675417
MeshCollider:
  m_ObjectHideFlags: 0
  m_CorrespondingSourceObject: {fileID: 0}
  m_PrefabInstance: {fileID: 0}
  m_PrefabAsset: {fileID: 0}
  m_GameObject: {fileID: 7668383038699411952}
  m_Material: {fileID: 0}
  m_IsTrigger: 0
  m_Enabled: 1
  serializedVersion: 4
  m_Convex: 1
  m_CookingOptions: 30
  m_Mesh: {fileID: 4300000, guid: f76b41ce1e7c04448838dd8b9a2e6aa9, type: 3}
--- !u!1 &7668383038851688498
GameObject:
  m_ObjectHideFlags: 0
  m_CorrespondingSourceObject: {fileID: 0}
  m_PrefabInstance: {fileID: 0}
  m_PrefabAsset: {fileID: 0}
  serializedVersion: 6
  m_Component:
  - component: {fileID: 7668383038851688499}
  m_Layer: 0
  m_Name: Effects
  m_TagString: Untagged
  m_Icon: {fileID: 0}
  m_NavMeshLayer: 0
  m_StaticEditorFlags: 0
  m_IsActive: 1
--- !u!4 &7668383038851688499
Transform:
  m_ObjectHideFlags: 0
  m_CorrespondingSourceObject: {fileID: 0}
  m_PrefabInstance: {fileID: 0}
  m_PrefabAsset: {fileID: 0}
  m_GameObject: {fileID: 7668383038851688498}
  m_LocalRotation: {x: -0, y: -0, z: -0, w: 1}
  m_LocalPosition: {x: 0, y: 0, z: 0}
  m_LocalScale: {x: 1, y: 1, z: 1}
  m_Children:
  - {fileID: 1518126030823126422}
  - {fileID: 581314204346770981}
  - {fileID: 2953593723640370351}
  - {fileID: 1210472337727599169}
  m_Father: {fileID: 7668383038120014714}
  m_RootOrder: 0
  m_LocalEulerAnglesHint: {x: 0, y: 0, z: 0}
--- !u!1 &7668383039144167455
GameObject:
  m_ObjectHideFlags: 0
  m_CorrespondingSourceObject: {fileID: 0}
  m_PrefabInstance: {fileID: 0}
  m_PrefabAsset: {fileID: 0}
  serializedVersion: 6
  m_Component:
  - component: {fileID: 7668383039144167440}
  m_Layer: 0
  m_Name: Middle
  m_TagString: Untagged
  m_Icon: {fileID: 0}
  m_NavMeshLayer: 0
  m_StaticEditorFlags: 0
  m_IsActive: 1
--- !u!4 &7668383039144167440
Transform:
  m_ObjectHideFlags: 0
  m_CorrespondingSourceObject: {fileID: 0}
  m_PrefabInstance: {fileID: 0}
  m_PrefabAsset: {fileID: 0}
  m_GameObject: {fileID: 7668383039144167455}
  m_LocalRotation: {x: 0, y: 0, z: 0, w: 1}
  m_LocalPosition: {x: 0, y: 0, z: 0}
  m_LocalScale: {x: 1.658097, y: 1.658097, z: 1.658097}
  m_Children:
  - {fileID: 7668383037954976675}
  m_Father: {fileID: 7668383039541871513}
  m_RootOrder: 2
  m_LocalEulerAnglesHint: {x: 0, y: 0, z: 0}
--- !u!1 &7668383039541871512
GameObject:
  m_ObjectHideFlags: 0
  m_CorrespondingSourceObject: {fileID: 0}
  m_PrefabInstance: {fileID: 0}
  m_PrefabAsset: {fileID: 0}
  serializedVersion: 6
  m_Component:
  - component: {fileID: 7668383039541871513}
  - component: {fileID: 9034770239762348051}
  - component: {fileID: 7668383039541871516}
  - component: {fileID: 7668383039541871515}
  - component: {fileID: 7668383039541871514}
  m_Layer: 0
  m_Name: EV03 - Ruin
  m_TagString: Untagged
  m_Icon: {fileID: 0}
  m_NavMeshLayer: 0
  m_StaticEditorFlags: 0
  m_IsActive: 1
--- !u!4 &7668383039541871513
Transform:
  m_ObjectHideFlags: 0
  m_CorrespondingSourceObject: {fileID: 0}
  m_PrefabInstance: {fileID: 0}
  m_PrefabAsset: {fileID: 0}
  m_GameObject: {fileID: 7668383039541871512}
  m_LocalRotation: {x: 0, y: 0, z: 0, w: 1}
  m_LocalPosition: {x: 63.8, y: 10, z: 63.6}
  m_LocalScale: {x: 1, y: 1, z: 1}
  m_Children:
  - {fileID: 796128473244288700}
  - {fileID: 7668383038120014714}
  - {fileID: 7668383039144167440}
  - {fileID: 7668383037924942436}
  - {fileID: 7668383038390308233}
  m_Father: {fileID: 0}
  m_RootOrder: 0
  m_LocalEulerAnglesHint: {x: 0, y: 0, z: 0}
--- !u!114 &9034770239762348051
MonoBehaviour:
  m_ObjectHideFlags: 0
  m_CorrespondingSourceObject: {fileID: 0}
  m_PrefabInstance: {fileID: 0}
  m_PrefabAsset: {fileID: 0}
  m_GameObject: {fileID: 7668383039541871512}
  m_Enabled: 1
  m_EditorHideFlags: 0
  m_Script: {fileID: 11500000, guid: de62088446e4ff6408148c70eeb9e1c3, type: 3}
  m_Name: 
  m_EditorClassIdentifier: 
  eventType: 5
  eventSize: 3
  Characters: []
  jobs: 
  faction: 2
  race: 1
--- !u!114 &7668383039541871516
MonoBehaviour:
  m_ObjectHideFlags: 0
  m_CorrespondingSourceObject: {fileID: 0}
  m_PrefabInstance: {fileID: 0}
  m_PrefabAsset: {fileID: 0}
  m_GameObject: {fileID: 7668383039541871512}
  m_Enabled: 1
  m_EditorHideFlags: 0
  m_Script: {fileID: 11500000, guid: 3ef30fd3297561e42bab583cc90376ce, type: 3}
  m_Name: 
  m_EditorClassIdentifier: 
  NPC: {fileID: 796128473244288702}
  spawnEffect: {fileID: 3875593784141947240, guid: 196cb87bafdd29b458ede5524647a22a, type: 3}
  nightScene: {fileID: 7668383038120014713}
--- !u!65 &7668383039541871515
BoxCollider:
  m_ObjectHideFlags: 0
  m_CorrespondingSourceObject: {fileID: 0}
  m_PrefabInstance: {fileID: 0}
  m_PrefabAsset: {fileID: 0}
  m_GameObject: {fileID: 7668383039541871512}
  m_Material: {fileID: 0}
  m_IsTrigger: 1
  m_Enabled: 1
  serializedVersion: 2
  m_Size: {x: 5, y: 1, z: 5}
  m_Center: {x: 0, y: 0, z: 0}
--- !u!82 &7668383039541871514
AudioSource:
  m_ObjectHideFlags: 0
  m_CorrespondingSourceObject: {fileID: 0}
  m_PrefabInstance: {fileID: 0}
  m_PrefabAsset: {fileID: 0}
  m_GameObject: {fileID: 7668383039541871512}
  m_Enabled: 1
  serializedVersion: 4
  OutputAudioMixerGroup: {fileID: 0}
  m_audioClip: {fileID: 8300000, guid: 349c25d5c33a1ec40b747f5003589bcc, type: 3}
  m_PlayOnAwake: 1
  m_Volume: 0.6
  m_Pitch: 1
  Loop: 1
  Mute: 0
  Spatialize: 0
  SpatializePostEffects: 0
  Priority: 128
  DopplerLevel: 1
  MinDistance: 5
  MaxDistance: 50
  Pan2D: 0
  rolloffMode: 2
  BypassEffects: 0
  BypassListenerEffects: 0
  BypassReverbZones: 0
  rolloffCustomCurve:
    serializedVersion: 2
    m_Curve:
    - serializedVersion: 3
      time: 0
      value: 1
      inSlope: 0
      outSlope: 0
      tangentMode: 0
      weightedMode: 0
      inWeight: 0.33333334
      outWeight: 0.33333334
    - serializedVersion: 3
      time: 1
      value: 0
      inSlope: 0
      outSlope: 0
      tangentMode: 0
      weightedMode: 0
      inWeight: 0.33333334
      outWeight: 0.33333334
    m_PreInfinity: 2
    m_PostInfinity: 2
    m_RotationOrder: 4
  panLevelCustomCurve:
    serializedVersion: 2
    m_Curve:
    - serializedVersion: 3
      time: 0
      value: 1
      inSlope: 0
      outSlope: 0
      tangentMode: 0
      weightedMode: 0
      inWeight: 0.33333334
      outWeight: 0.33333334
    m_PreInfinity: 2
    m_PostInfinity: 2
    m_RotationOrder: 0
  spreadCustomCurve:
    serializedVersion: 2
    m_Curve:
    - serializedVersion: 3
      time: 0
      value: 0
      inSlope: 0
      outSlope: 0
      tangentMode: 0
      weightedMode: 0
      inWeight: 0.33333334
      outWeight: 0.33333334
    m_PreInfinity: 2
    m_PostInfinity: 2
    m_RotationOrder: 0
  reverbZoneMixCustomCurve:
    serializedVersion: 2
    m_Curve:
    - serializedVersion: 3
      time: 0
      value: 1
      inSlope: 0
      outSlope: 0
      tangentMode: 0
      weightedMode: 0
      inWeight: 0.33333334
      outWeight: 0.33333334
    m_PreInfinity: 2
    m_PostInfinity: 2
    m_RotationOrder: 0
--- !u!1001 &7668383037954584867
PrefabInstance:
  m_ObjectHideFlags: 0
  serializedVersion: 2
  m_Modification:
    m_TransformParent: {fileID: 7668383039144167440}
    m_Modifications:
    - target: {fileID: 100000, guid: 78666b157dd3af4408d100651b7b698a, type: 3}
      propertyPath: m_Name
      value: RoundRocks
      objectReference: {fileID: 0}
    - target: {fileID: 100000, guid: 78666b157dd3af4408d100651b7b698a, type: 3}
      propertyPath: m_IsActive
      value: 1
      objectReference: {fileID: 0}
    - target: {fileID: 400000, guid: 78666b157dd3af4408d100651b7b698a, type: 3}
      propertyPath: m_RootOrder
      value: 0
      objectReference: {fileID: 0}
    - target: {fileID: 400000, guid: 78666b157dd3af4408d100651b7b698a, type: 3}
      propertyPath: m_LocalScale.x
      value: 2.523136
      objectReference: {fileID: 0}
    - target: {fileID: 400000, guid: 78666b157dd3af4408d100651b7b698a, type: 3}
      propertyPath: m_LocalScale.y
      value: 1.1986661
      objectReference: {fileID: 0}
    - target: {fileID: 400000, guid: 78666b157dd3af4408d100651b7b698a, type: 3}
      propertyPath: m_LocalScale.z
      value: 2.523136
      objectReference: {fileID: 0}
    - target: {fileID: 400000, guid: 78666b157dd3af4408d100651b7b698a, type: 3}
      propertyPath: m_LocalPosition.x
      value: 0
      objectReference: {fileID: 0}
    - target: {fileID: 400000, guid: 78666b157dd3af4408d100651b7b698a, type: 3}
      propertyPath: m_LocalPosition.y
      value: 0
      objectReference: {fileID: 0}
    - target: {fileID: 400000, guid: 78666b157dd3af4408d100651b7b698a, type: 3}
      propertyPath: m_LocalPosition.z
      value: 0
      objectReference: {fileID: 0}
    - target: {fileID: 400000, guid: 78666b157dd3af4408d100651b7b698a, type: 3}
      propertyPath: m_LocalRotation.w
      value: 1
      objectReference: {fileID: 0}
    - target: {fileID: 400000, guid: 78666b157dd3af4408d100651b7b698a, type: 3}
      propertyPath: m_LocalRotation.x
      value: -0
      objectReference: {fileID: 0}
    - target: {fileID: 400000, guid: 78666b157dd3af4408d100651b7b698a, type: 3}
      propertyPath: m_LocalRotation.y
      value: -0
      objectReference: {fileID: 0}
    - target: {fileID: 400000, guid: 78666b157dd3af4408d100651b7b698a, type: 3}
      propertyPath: m_LocalRotation.z
      value: -0
      objectReference: {fileID: 0}
    - target: {fileID: 400000, guid: 78666b157dd3af4408d100651b7b698a, type: 3}
      propertyPath: m_LocalEulerAnglesHint.x
      value: 0
      objectReference: {fileID: 0}
    - target: {fileID: 400000, guid: 78666b157dd3af4408d100651b7b698a, type: 3}
      propertyPath: m_LocalEulerAnglesHint.y
      value: 0
      objectReference: {fileID: 0}
    - target: {fileID: 400000, guid: 78666b157dd3af4408d100651b7b698a, type: 3}
      propertyPath: m_LocalEulerAnglesHint.z
      value: 0
      objectReference: {fileID: 0}
    m_RemovedComponents: []
  m_SourcePrefab: {fileID: 100100000, guid: 78666b157dd3af4408d100651b7b698a, type: 3}
--- !u!1 &7668383037954488195 stripped
GameObject:
  m_CorrespondingSourceObject: {fileID: 100000, guid: 78666b157dd3af4408d100651b7b698a, type: 3}
  m_PrefabInstance: {fileID: 7668383037954584867}
  m_PrefabAsset: {fileID: 0}
--- !u!4 &7668383037954976675 stripped
Transform:
  m_CorrespondingSourceObject: {fileID: 400000, guid: 78666b157dd3af4408d100651b7b698a, type: 3}
  m_PrefabInstance: {fileID: 7668383037954584867}
  m_PrefabAsset: {fileID: 0}
--- !u!1001 &7668383037984559540
PrefabInstance:
  m_ObjectHideFlags: 0
  serializedVersion: 2
  m_Modification:
    m_TransformParent: {fileID: 7668383037924942436}
    m_Modifications:
    - target: {fileID: 100000, guid: e396cb8d258c1ec499254be4c7cb9f91, type: 3}
      propertyPath: m_Name
      value: SM_RuneRock_01 (2)
      objectReference: {fileID: 0}
    - target: {fileID: 400000, guid: e396cb8d258c1ec499254be4c7cb9f91, type: 3}
      propertyPath: m_RootOrder
      value: 2
      objectReference: {fileID: 0}
    - target: {fileID: 400000, guid: e396cb8d258c1ec499254be4c7cb9f91, type: 3}
      propertyPath: m_LocalPosition.x
      value: -5
      objectReference: {fileID: 0}
    - target: {fileID: 400000, guid: e396cb8d258c1ec499254be4c7cb9f91, type: 3}
      propertyPath: m_LocalPosition.y
      value: 0
      objectReference: {fileID: 0}
    - target: {fileID: 400000, guid: e396cb8d258c1ec499254be4c7cb9f91, type: 3}
      propertyPath: m_LocalPosition.z
      value: -3.6699982
      objectReference: {fileID: 0}
    - target: {fileID: 400000, guid: e396cb8d258c1ec499254be4c7cb9f91, type: 3}
      propertyPath: m_LocalRotation.w
      value: 0.38268343
      objectReference: {fileID: 0}
    - target: {fileID: 400000, guid: e396cb8d258c1ec499254be4c7cb9f91, type: 3}
      propertyPath: m_LocalRotation.x
      value: -0
      objectReference: {fileID: 0}
    - target: {fileID: 400000, guid: e396cb8d258c1ec499254be4c7cb9f91, type: 3}
      propertyPath: m_LocalRotation.y
      value: -0.92387956
      objectReference: {fileID: 0}
    - target: {fileID: 400000, guid: e396cb8d258c1ec499254be4c7cb9f91, type: 3}
      propertyPath: m_LocalRotation.z
      value: -0
      objectReference: {fileID: 0}
    - target: {fileID: 400000, guid: e396cb8d258c1ec499254be4c7cb9f91, type: 3}
      propertyPath: m_LocalEulerAnglesHint.x
      value: 0
      objectReference: {fileID: 0}
    - target: {fileID: 400000, guid: e396cb8d258c1ec499254be4c7cb9f91, type: 3}
      propertyPath: m_LocalEulerAnglesHint.y
      value: -135
      objectReference: {fileID: 0}
    - target: {fileID: 400000, guid: e396cb8d258c1ec499254be4c7cb9f91, type: 3}
      propertyPath: m_LocalEulerAnglesHint.z
      value: 0
      objectReference: {fileID: 0}
    m_RemovedComponents: []
  m_SourcePrefab: {fileID: 100100000, guid: e396cb8d258c1ec499254be4c7cb9f91, type: 3}
--- !u!4 &7668383037984688948 stripped
Transform:
  m_CorrespondingSourceObject: {fileID: 400000, guid: e396cb8d258c1ec499254be4c7cb9f91, type: 3}
  m_PrefabInstance: {fileID: 7668383037984559540}
  m_PrefabAsset: {fileID: 0}
--- !u!1001 &7668383038066850774
PrefabInstance:
  m_ObjectHideFlags: 0
  serializedVersion: 2
  m_Modification:
    m_TransformParent: {fileID: 7668383038390308233}
    m_Modifications:
    - target: {fileID: 100000, guid: f76b41ce1e7c04448838dd8b9a2e6aa9, type: 3}
      propertyPath: m_Name
      value: SM_RocksRound_01 (1)
      objectReference: {fileID: 0}
    - target: {fileID: 400000, guid: f76b41ce1e7c04448838dd8b9a2e6aa9, type: 3}
      propertyPath: m_RootOrder
      value: 1
      objectReference: {fileID: 0}
    - target: {fileID: 400000, guid: f76b41ce1e7c04448838dd8b9a2e6aa9, type: 3}
      propertyPath: m_LocalPosition.x
      value: -10
      objectReference: {fileID: 0}
    - target: {fileID: 400000, guid: f76b41ce1e7c04448838dd8b9a2e6aa9, type: 3}
      propertyPath: m_LocalPosition.y
      value: 1
      objectReference: {fileID: 0}
    - target: {fileID: 400000, guid: f76b41ce1e7c04448838dd8b9a2e6aa9, type: 3}
      propertyPath: m_LocalPosition.z
      value: 0.62000275
      objectReference: {fileID: 0}
    - target: {fileID: 400000, guid: f76b41ce1e7c04448838dd8b9a2e6aa9, type: 3}
      propertyPath: m_LocalRotation.w
      value: 0.7071068
      objectReference: {fileID: 0}
    - target: {fileID: 400000, guid: f76b41ce1e7c04448838dd8b9a2e6aa9, type: 3}
      propertyPath: m_LocalRotation.x
      value: -0.7071068
      objectReference: {fileID: 0}
    - target: {fileID: 400000, guid: f76b41ce1e7c04448838dd8b9a2e6aa9, type: 3}
      propertyPath: m_LocalRotation.y
      value: -0
      objectReference: {fileID: 0}
    - target: {fileID: 400000, guid: f76b41ce1e7c04448838dd8b9a2e6aa9, type: 3}
      propertyPath: m_LocalRotation.z
      value: -0
      objectReference: {fileID: 0}
    - target: {fileID: 400000, guid: f76b41ce1e7c04448838dd8b9a2e6aa9, type: 3}
      propertyPath: m_LocalEulerAnglesHint.x
      value: -90
      objectReference: {fileID: 0}
    - target: {fileID: 400000, guid: f76b41ce1e7c04448838dd8b9a2e6aa9, type: 3}
      propertyPath: m_LocalEulerAnglesHint.y
      value: 0
      objectReference: {fileID: 0}
    - target: {fileID: 400000, guid: f76b41ce1e7c04448838dd8b9a2e6aa9, type: 3}
      propertyPath: m_LocalEulerAnglesHint.z
      value: 0
      objectReference: {fileID: 0}
    m_RemovedComponents: []
  m_SourcePrefab: {fileID: 100100000, guid: f76b41ce1e7c04448838dd8b9a2e6aa9, type: 3}
--- !u!4 &7668383038066975062 stripped
Transform:
  m_CorrespondingSourceObject: {fileID: 400000, guid: f76b41ce1e7c04448838dd8b9a2e6aa9, type: 3}
  m_PrefabInstance: {fileID: 7668383038066850774}
  m_PrefabAsset: {fileID: 0}
--- !u!1 &7668383038066883958 stripped
GameObject:
  m_CorrespondingSourceObject: {fileID: 100000, guid: f76b41ce1e7c04448838dd8b9a2e6aa9, type: 3}
  m_PrefabInstance: {fileID: 7668383038066850774}
  m_PrefabAsset: {fileID: 0}
--- !u!1001 &7668383038164525757
PrefabInstance:
  m_ObjectHideFlags: 0
  serializedVersion: 2
  m_Modification:
    m_TransformParent: {fileID: 7668383039541871513}
    m_Modifications:
    - target: {fileID: 1324187324648847291, guid: 83a385e2fb062f049a8c7e335dc0974f, type: 3}
      propertyPath: race
      value: 2
      objectReference: {fileID: 0}
    - target: {fileID: 1324187324648847291, guid: 83a385e2fb062f049a8c7e335dc0974f, type: 3}
      propertyPath: jobClass
      value: 0
      objectReference: {fileID: 0}
    - target: {fileID: 1324187324648847291, guid: 83a385e2fb062f049a8c7e335dc0974f, type: 3}
      propertyPath: randomJob
      value: 0
      objectReference: {fileID: 0}
    - target: {fileID: 1324187324648847291, guid: 83a385e2fb062f049a8c7e335dc0974f, type: 3}
      propertyPath: randomName
      value: 0
      objectReference: {fileID: 0}
    - target: {fileID: 1324187324648847291, guid: 83a385e2fb062f049a8c7e335dc0974f, type: 3}
      propertyPath: randomRace
      value: 0
      objectReference: {fileID: 0}
    - target: {fileID: 1324187324648847291, guid: 83a385e2fb062f049a8c7e335dc0974f, type: 3}
      propertyPath: randomTraits
      value: 0
      objectReference: {fileID: 0}
    - target: {fileID: 1324187324648847291, guid: 83a385e2fb062f049a8c7e335dc0974f, type: 3}
      propertyPath: randomFaction
      value: 0
      objectReference: {fileID: 0}
    - target: {fileID: 1485094635995698662, guid: 83a385e2fb062f049a8c7e335dc0974f, type: 3}
      propertyPath: m_IsActive
      value: 1
      objectReference: {fileID: 0}
    - target: {fileID: 3000011751332142411, guid: 83a385e2fb062f049a8c7e335dc0974f, type: 3}
      propertyPath: m_IsActive
      value: 0
      objectReference: {fileID: 0}
    - target: {fileID: 7018854651959288833, guid: 83a385e2fb062f049a8c7e335dc0974f, type: 3}
      propertyPath: m_RootOrder
      value: 0
      objectReference: {fileID: 0}
    - target: {fileID: 7018854651959288833, guid: 83a385e2fb062f049a8c7e335dc0974f, type: 3}
      propertyPath: m_LocalPosition.x
      value: 0.13858032
      objectReference: {fileID: 0}
    - target: {fileID: 7018854651959288833, guid: 83a385e2fb062f049a8c7e335dc0974f, type: 3}
      propertyPath: m_LocalPosition.y
      value: 0.00045585632
      objectReference: {fileID: 0}
    - target: {fileID: 7018854651959288833, guid: 83a385e2fb062f049a8c7e335dc0974f, type: 3}
      propertyPath: m_LocalPosition.z
      value: -0.012840271
      objectReference: {fileID: 0}
    - target: {fileID: 7018854651959288833, guid: 83a385e2fb062f049a8c7e335dc0974f, type: 3}
      propertyPath: m_LocalRotation.w
      value: 0.77882874
      objectReference: {fileID: 0}
    - target: {fileID: 7018854651959288833, guid: 83a385e2fb062f049a8c7e335dc0974f, type: 3}
      propertyPath: m_LocalRotation.x
      value: -0
      objectReference: {fileID: 0}
    - target: {fileID: 7018854651959288833, guid: 83a385e2fb062f049a8c7e335dc0974f, type: 3}
      propertyPath: m_LocalRotation.y
      value: 0.6272367
      objectReference: {fileID: 0}
    - target: {fileID: 7018854651959288833, guid: 83a385e2fb062f049a8c7e335dc0974f, type: 3}
      propertyPath: m_LocalRotation.z
      value: -0
      objectReference: {fileID: 0}
    - target: {fileID: 7018854651959288833, guid: 83a385e2fb062f049a8c7e335dc0974f, type: 3}
      propertyPath: m_LocalEulerAnglesHint.x
      value: 0
      objectReference: {fileID: 0}
    - target: {fileID: 7018854651959288833, guid: 83a385e2fb062f049a8c7e335dc0974f, type: 3}
      propertyPath: m_LocalEulerAnglesHint.y
      value: 77.693
      objectReference: {fileID: 0}
    - target: {fileID: 7018854651959288833, guid: 83a385e2fb062f049a8c7e335dc0974f, type: 3}
      propertyPath: m_LocalEulerAnglesHint.z
      value: 0
      objectReference: {fileID: 0}
    - target: {fileID: 7018854651959288835, guid: 83a385e2fb062f049a8c7e335dc0974f, type: 3}
      propertyPath: m_Name
      value: NPC
      objectReference: {fileID: 0}
    - target: {fileID: 7018854651959288835, guid: 83a385e2fb062f049a8c7e335dc0974f, type: 3}
      propertyPath: m_IsActive
      value: 0
      objectReference: {fileID: 0}
    m_RemovedComponents: []
  m_SourcePrefab: {fileID: 100100000, guid: 83a385e2fb062f049a8c7e335dc0974f, type: 3}
--- !u!4 &796128473244288700 stripped
Transform:
  m_CorrespondingSourceObject: {fileID: 7018854651959288833, guid: 83a385e2fb062f049a8c7e335dc0974f, type: 3}
  m_PrefabInstance: {fileID: 7668383038164525757}
  m_PrefabAsset: {fileID: 0}
--- !u!1 &796128473244288702 stripped
GameObject:
  m_CorrespondingSourceObject: {fileID: 7018854651959288835, guid: 83a385e2fb062f049a8c7e335dc0974f, type: 3}
  m_PrefabInstance: {fileID: 7668383038164525757}
  m_PrefabAsset: {fileID: 0}
--- !u!1001 &7668383038440263428
PrefabInstance:
  m_ObjectHideFlags: 0
  serializedVersion: 2
  m_Modification:
    m_TransformParent: {fileID: 7668383037924942436}
    m_Modifications:
    - target: {fileID: 100000, guid: e396cb8d258c1ec499254be4c7cb9f91, type: 3}
      propertyPath: m_Name
      value: SM_RuneRock_01 (3)
      objectReference: {fileID: 0}
    - target: {fileID: 400000, guid: e396cb8d258c1ec499254be4c7cb9f91, type: 3}
      propertyPath: m_RootOrder
      value: 3
      objectReference: {fileID: 0}
    - target: {fileID: 400000, guid: e396cb8d258c1ec499254be4c7cb9f91, type: 3}
      propertyPath: m_LocalPosition.x
      value: 5
      objectReference: {fileID: 0}
    - target: {fileID: 400000, guid: e396cb8d258c1ec499254be4c7cb9f91, type: 3}
      propertyPath: m_LocalPosition.y
      value: 0
      objectReference: {fileID: 0}
    - target: {fileID: 400000, guid: e396cb8d258c1ec499254be4c7cb9f91, type: 3}
      propertyPath: m_LocalPosition.z
      value: -3.6699982
      objectReference: {fileID: 0}
    - target: {fileID: 400000, guid: e396cb8d258c1ec499254be4c7cb9f91, type: 3}
      propertyPath: m_LocalRotation.w
      value: 0.38268343
      objectReference: {fileID: 0}
    - target: {fileID: 400000, guid: e396cb8d258c1ec499254be4c7cb9f91, type: 3}
      propertyPath: m_LocalRotation.x
      value: -0
      objectReference: {fileID: 0}
    - target: {fileID: 400000, guid: e396cb8d258c1ec499254be4c7cb9f91, type: 3}
      propertyPath: m_LocalRotation.y
      value: 0.92387956
      objectReference: {fileID: 0}
    - target: {fileID: 400000, guid: e396cb8d258c1ec499254be4c7cb9f91, type: 3}
      propertyPath: m_LocalRotation.z
      value: -0
      objectReference: {fileID: 0}
    - target: {fileID: 400000, guid: e396cb8d258c1ec499254be4c7cb9f91, type: 3}
      propertyPath: m_LocalEulerAnglesHint.x
      value: 0
      objectReference: {fileID: 0}
    - target: {fileID: 400000, guid: e396cb8d258c1ec499254be4c7cb9f91, type: 3}
      propertyPath: m_LocalEulerAnglesHint.y
      value: 135
      objectReference: {fileID: 0}
    - target: {fileID: 400000, guid: e396cb8d258c1ec499254be4c7cb9f91, type: 3}
      propertyPath: m_LocalEulerAnglesHint.z
      value: 0
      objectReference: {fileID: 0}
    m_RemovedComponents: []
  m_SourcePrefab: {fileID: 100100000, guid: e396cb8d258c1ec499254be4c7cb9f91, type: 3}
--- !u!4 &7668383038440134020 stripped
Transform:
  m_CorrespondingSourceObject: {fileID: 400000, guid: e396cb8d258c1ec499254be4c7cb9f91, type: 3}
  m_PrefabInstance: {fileID: 7668383038440263428}
  m_PrefabAsset: {fileID: 0}
--- !u!1001 &7668383038515037675
PrefabInstance:
  m_ObjectHideFlags: 0
  serializedVersion: 2
  m_Modification:
    m_TransformParent: {fileID: 7668383038390308233}
    m_Modifications:
    - target: {fileID: 100000, guid: f76b41ce1e7c04448838dd8b9a2e6aa9, type: 3}
      propertyPath: m_Name
      value: SM_RocksRound_01 (3)
      objectReference: {fileID: 0}
    - target: {fileID: 400000, guid: f76b41ce1e7c04448838dd8b9a2e6aa9, type: 3}
      propertyPath: m_RootOrder
      value: 3
      objectReference: {fileID: 0}
    - target: {fileID: 400000, guid: f76b41ce1e7c04448838dd8b9a2e6aa9, type: 3}
      propertyPath: m_LocalPosition.x
      value: 0
      objectReference: {fileID: 0}
    - target: {fileID: 400000, guid: f76b41ce1e7c04448838dd8b9a2e6aa9, type: 3}
      propertyPath: m_LocalPosition.y
      value: 1
      objectReference: {fileID: 0}
    - target: {fileID: 400000, guid: f76b41ce1e7c04448838dd8b9a2e6aa9, type: 3}
      propertyPath: m_LocalPosition.z
      value: -8
      objectReference: {fileID: 0}
    - target: {fileID: 400000, guid: f76b41ce1e7c04448838dd8b9a2e6aa9, type: 3}
      propertyPath: m_LocalRotation.w
      value: 0.7071068
      objectReference: {fileID: 0}
    - target: {fileID: 400000, guid: f76b41ce1e7c04448838dd8b9a2e6aa9, type: 3}
      propertyPath: m_LocalRotation.x
      value: -0.7071068
      objectReference: {fileID: 0}
    - target: {fileID: 400000, guid: f76b41ce1e7c04448838dd8b9a2e6aa9, type: 3}
      propertyPath: m_LocalRotation.y
      value: -0
      objectReference: {fileID: 0}
    - target: {fileID: 400000, guid: f76b41ce1e7c04448838dd8b9a2e6aa9, type: 3}
      propertyPath: m_LocalRotation.z
      value: -0
      objectReference: {fileID: 0}
    - target: {fileID: 400000, guid: f76b41ce1e7c04448838dd8b9a2e6aa9, type: 3}
      propertyPath: m_LocalEulerAnglesHint.x
      value: -90
      objectReference: {fileID: 0}
    - target: {fileID: 400000, guid: f76b41ce1e7c04448838dd8b9a2e6aa9, type: 3}
      propertyPath: m_LocalEulerAnglesHint.y
      value: 0
      objectReference: {fileID: 0}
    - target: {fileID: 400000, guid: f76b41ce1e7c04448838dd8b9a2e6aa9, type: 3}
      propertyPath: m_LocalEulerAnglesHint.z
      value: 0
      objectReference: {fileID: 0}
    m_RemovedComponents: []
  m_SourcePrefab: {fileID: 100100000, guid: f76b41ce1e7c04448838dd8b9a2e6aa9, type: 3}
--- !u!1 &7668383038514938699 stripped
GameObject:
  m_CorrespondingSourceObject: {fileID: 100000, guid: f76b41ce1e7c04448838dd8b9a2e6aa9, type: 3}
  m_PrefabInstance: {fileID: 7668383038515037675}
  m_PrefabAsset: {fileID: 0}
--- !u!4 &7668383038515437419 stripped
Transform:
  m_CorrespondingSourceObject: {fileID: 400000, guid: f76b41ce1e7c04448838dd8b9a2e6aa9, type: 3}
  m_PrefabInstance: {fileID: 7668383038515037675}
  m_PrefabAsset: {fileID: 0}
--- !u!1001 &7668383038568020084
PrefabInstance:
  m_ObjectHideFlags: 0
  serializedVersion: 2
  m_Modification:
    m_TransformParent: {fileID: 7668383038851688499}
    m_Modifications:
    - target: {fileID: 7096177191515348561, guid: b8f403b4517ddd844988838750e9a72a, type: 3}
      propertyPath: m_RootOrder
      value: 1
      objectReference: {fileID: 0}
    - target: {fileID: 7096177191515348561, guid: b8f403b4517ddd844988838750e9a72a, type: 3}
      propertyPath: m_LocalPosition.x
      value: 0.41464996
      objectReference: {fileID: 0}
    - target: {fileID: 7096177191515348561, guid: b8f403b4517ddd844988838750e9a72a, type: 3}
      propertyPath: m_LocalPosition.y
      value: 0.00045871735
      objectReference: {fileID: 0}
    - target: {fileID: 7096177191515348561, guid: b8f403b4517ddd844988838750e9a72a, type: 3}
      propertyPath: m_LocalPosition.z
      value: -1.6340866
      objectReference: {fileID: 0}
    - target: {fileID: 7096177191515348561, guid: b8f403b4517ddd844988838750e9a72a, type: 3}
      propertyPath: m_LocalRotation.w
      value: 1
      objectReference: {fileID: 0}
    - target: {fileID: 7096177191515348561, guid: b8f403b4517ddd844988838750e9a72a, type: 3}
      propertyPath: m_LocalRotation.x
      value: -0
      objectReference: {fileID: 0}
    - target: {fileID: 7096177191515348561, guid: b8f403b4517ddd844988838750e9a72a, type: 3}
      propertyPath: m_LocalRotation.y
      value: -0
      objectReference: {fileID: 0}
    - target: {fileID: 7096177191515348561, guid: b8f403b4517ddd844988838750e9a72a, type: 3}
      propertyPath: m_LocalRotation.z
      value: -0
      objectReference: {fileID: 0}
    - target: {fileID: 7096177191515348561, guid: b8f403b4517ddd844988838750e9a72a, type: 3}
      propertyPath: m_LocalEulerAnglesHint.x
      value: 0
      objectReference: {fileID: 0}
    - target: {fileID: 7096177191515348561, guid: b8f403b4517ddd844988838750e9a72a, type: 3}
      propertyPath: m_LocalEulerAnglesHint.y
      value: 0
      objectReference: {fileID: 0}
    - target: {fileID: 7096177191515348561, guid: b8f403b4517ddd844988838750e9a72a, type: 3}
      propertyPath: m_LocalEulerAnglesHint.z
      value: 0
      objectReference: {fileID: 0}
    - target: {fileID: 7096177191515348562, guid: b8f403b4517ddd844988838750e9a72a, type: 3}
      propertyPath: m_Name
      value: Dust_Particle
      objectReference: {fileID: 0}
    - target: {fileID: 7096177191515348563, guid: b8f403b4517ddd844988838750e9a72a, type: 3}
      propertyPath: m_Materials.Array.size
      value: 1
      objectReference: {fileID: 0}
    m_RemovedComponents: []
  m_SourcePrefab: {fileID: 100100000, guid: b8f403b4517ddd844988838750e9a72a, type: 3}
--- !u!4 &581314204346770981 stripped
Transform:
  m_CorrespondingSourceObject: {fileID: 7096177191515348561, guid: b8f403b4517ddd844988838750e9a72a, type: 3}
  m_PrefabInstance: {fileID: 7668383038568020084}
  m_PrefabAsset: {fileID: 0}
--- !u!1001 &7668383038593840780
PrefabInstance:
  m_ObjectHideFlags: 0
  serializedVersion: 2
  m_Modification:
    m_TransformParent: {fileID: 7668383038390308233}
    m_Modifications:
    - target: {fileID: 100000, guid: f76b41ce1e7c04448838dd8b9a2e6aa9, type: 3}
      propertyPath: m_Name
      value: SM_RocksRound_01
      objectReference: {fileID: 0}
    - target: {fileID: 400000, guid: f76b41ce1e7c04448838dd8b9a2e6aa9, type: 3}
      propertyPath: m_RootOrder
      value: 0
      objectReference: {fileID: 0}
    - target: {fileID: 400000, guid: f76b41ce1e7c04448838dd8b9a2e6aa9, type: 3}
      propertyPath: m_LocalPosition.x
      value: 0
      objectReference: {fileID: 0}
    - target: {fileID: 400000, guid: f76b41ce1e7c04448838dd8b9a2e6aa9, type: 3}
      propertyPath: m_LocalPosition.y
      value: 1
      objectReference: {fileID: 0}
    - target: {fileID: 400000, guid: f76b41ce1e7c04448838dd8b9a2e6aa9, type: 3}
      propertyPath: m_LocalPosition.z
      value: 9
      objectReference: {fileID: 0}
    - target: {fileID: 400000, guid: f76b41ce1e7c04448838dd8b9a2e6aa9, type: 3}
      propertyPath: m_LocalRotation.w
      value: 0.7071068
      objectReference: {fileID: 0}
    - target: {fileID: 400000, guid: f76b41ce1e7c04448838dd8b9a2e6aa9, type: 3}
      propertyPath: m_LocalRotation.x
      value: -0.7071068
      objectReference: {fileID: 0}
    - target: {fileID: 400000, guid: f76b41ce1e7c04448838dd8b9a2e6aa9, type: 3}
      propertyPath: m_LocalRotation.y
      value: -0
      objectReference: {fileID: 0}
    - target: {fileID: 400000, guid: f76b41ce1e7c04448838dd8b9a2e6aa9, type: 3}
      propertyPath: m_LocalRotation.z
      value: -0
      objectReference: {fileID: 0}
    - target: {fileID: 400000, guid: f76b41ce1e7c04448838dd8b9a2e6aa9, type: 3}
      propertyPath: m_LocalEulerAnglesHint.x
      value: -90
      objectReference: {fileID: 0}
    - target: {fileID: 400000, guid: f76b41ce1e7c04448838dd8b9a2e6aa9, type: 3}
      propertyPath: m_LocalEulerAnglesHint.y
      value: 0
      objectReference: {fileID: 0}
    - target: {fileID: 400000, guid: f76b41ce1e7c04448838dd8b9a2e6aa9, type: 3}
      propertyPath: m_LocalEulerAnglesHint.z
      value: 0
      objectReference: {fileID: 0}
    m_RemovedComponents: []
  m_SourcePrefab: {fileID: 100100000, guid: f76b41ce1e7c04448838dd8b9a2e6aa9, type: 3}
--- !u!1 &7668383038593937452 stripped
GameObject:
  m_CorrespondingSourceObject: {fileID: 100000, guid: f76b41ce1e7c04448838dd8b9a2e6aa9, type: 3}
  m_PrefabInstance: {fileID: 7668383038593840780}
  m_PrefabAsset: {fileID: 0}
--- !u!4 &7668383038593707020 stripped
Transform:
  m_CorrespondingSourceObject: {fileID: 400000, guid: f76b41ce1e7c04448838dd8b9a2e6aa9, type: 3}
  m_PrefabInstance: {fileID: 7668383038593840780}
  m_PrefabAsset: {fileID: 0}
--- !u!1001 &7668383038649576185
PrefabInstance:
  m_ObjectHideFlags: 0
  serializedVersion: 2
  m_Modification:
    m_TransformParent: {fileID: 7668383037924942436}
    m_Modifications:
    - target: {fileID: 100000, guid: e396cb8d258c1ec499254be4c7cb9f91, type: 3}
      propertyPath: m_Name
      value: SM_RuneRock_01
      objectReference: {fileID: 0}
    - target: {fileID: 400000, guid: e396cb8d258c1ec499254be4c7cb9f91, type: 3}
      propertyPath: m_RootOrder
      value: 0
      objectReference: {fileID: 0}
    - target: {fileID: 400000, guid: e396cb8d258c1ec499254be4c7cb9f91, type: 3}
      propertyPath: m_LocalPosition.x
      value: -5
      objectReference: {fileID: 0}
    - target: {fileID: 400000, guid: e396cb8d258c1ec499254be4c7cb9f91, type: 3}
      propertyPath: m_LocalPosition.y
      value: 0
      objectReference: {fileID: 0}
    - target: {fileID: 400000, guid: e396cb8d258c1ec499254be4c7cb9f91, type: 3}
      propertyPath: m_LocalPosition.z
      value: 4
      objectReference: {fileID: 0}
    - target: {fileID: 400000, guid: e396cb8d258c1ec499254be4c7cb9f91, type: 3}
      propertyPath: m_LocalRotation.w
      value: 0.92387956
      objectReference: {fileID: 0}
    - target: {fileID: 400000, guid: e396cb8d258c1ec499254be4c7cb9f91, type: 3}
      propertyPath: m_LocalRotation.x
      value: -0
      objectReference: {fileID: 0}
    - target: {fileID: 400000, guid: e396cb8d258c1ec499254be4c7cb9f91, type: 3}
      propertyPath: m_LocalRotation.y
      value: -0.38268343
      objectReference: {fileID: 0}
    - target: {fileID: 400000, guid: e396cb8d258c1ec499254be4c7cb9f91, type: 3}
      propertyPath: m_LocalRotation.z
      value: -0
      objectReference: {fileID: 0}
    - target: {fileID: 400000, guid: e396cb8d258c1ec499254be4c7cb9f91, type: 3}
      propertyPath: m_LocalEulerAnglesHint.x
      value: 0
      objectReference: {fileID: 0}
    - target: {fileID: 400000, guid: e396cb8d258c1ec499254be4c7cb9f91, type: 3}
      propertyPath: m_LocalEulerAnglesHint.y
      value: -45
      objectReference: {fileID: 0}
    - target: {fileID: 400000, guid: e396cb8d258c1ec499254be4c7cb9f91, type: 3}
      propertyPath: m_LocalEulerAnglesHint.z
      value: 0
      objectReference: {fileID: 0}
    m_RemovedComponents: []
  m_SourcePrefab: {fileID: 100100000, guid: e396cb8d258c1ec499254be4c7cb9f91, type: 3}
--- !u!4 &7668383038649184377 stripped
Transform:
  m_CorrespondingSourceObject: {fileID: 400000, guid: e396cb8d258c1ec499254be4c7cb9f91, type: 3}
  m_PrefabInstance: {fileID: 7668383038649576185}
  m_PrefabAsset: {fileID: 0}
--- !u!1001 &7668383038699380560
PrefabInstance:
  m_ObjectHideFlags: 0
  serializedVersion: 2
  m_Modification:
    m_TransformParent: {fileID: 7668383038390308233}
    m_Modifications:
    - target: {fileID: 100000, guid: f76b41ce1e7c04448838dd8b9a2e6aa9, type: 3}
      propertyPath: m_Name
      value: SM_RocksRound_01 (2)
      objectReference: {fileID: 0}
    - target: {fileID: 400000, guid: f76b41ce1e7c04448838dd8b9a2e6aa9, type: 3}
      propertyPath: m_RootOrder
      value: 2
      objectReference: {fileID: 0}
    - target: {fileID: 400000, guid: f76b41ce1e7c04448838dd8b9a2e6aa9, type: 3}
      propertyPath: m_LocalPosition.x
      value: 10
      objectReference: {fileID: 0}
    - target: {fileID: 400000, guid: f76b41ce1e7c04448838dd8b9a2e6aa9, type: 3}
      propertyPath: m_LocalPosition.y
      value: 1
      objectReference: {fileID: 0}
    - target: {fileID: 400000, guid: f76b41ce1e7c04448838dd8b9a2e6aa9, type: 3}
      propertyPath: m_LocalPosition.z
      value: 0.62000275
      objectReference: {fileID: 0}
    - target: {fileID: 400000, guid: f76b41ce1e7c04448838dd8b9a2e6aa9, type: 3}
      propertyPath: m_LocalRotation.w
      value: 0.7071068
      objectReference: {fileID: 0}
    - target: {fileID: 400000, guid: f76b41ce1e7c04448838dd8b9a2e6aa9, type: 3}
      propertyPath: m_LocalRotation.x
      value: -0.7071068
      objectReference: {fileID: 0}
    - target: {fileID: 400000, guid: f76b41ce1e7c04448838dd8b9a2e6aa9, type: 3}
      propertyPath: m_LocalRotation.y
      value: -0
      objectReference: {fileID: 0}
    - target: {fileID: 400000, guid: f76b41ce1e7c04448838dd8b9a2e6aa9, type: 3}
      propertyPath: m_LocalRotation.z
      value: -0
      objectReference: {fileID: 0}
    - target: {fileID: 400000, guid: f76b41ce1e7c04448838dd8b9a2e6aa9, type: 3}
      propertyPath: m_LocalEulerAnglesHint.x
      value: -90
      objectReference: {fileID: 0}
    - target: {fileID: 400000, guid: f76b41ce1e7c04448838dd8b9a2e6aa9, type: 3}
      propertyPath: m_LocalEulerAnglesHint.y
      value: 0
      objectReference: {fileID: 0}
    - target: {fileID: 400000, guid: f76b41ce1e7c04448838dd8b9a2e6aa9, type: 3}
      propertyPath: m_LocalEulerAnglesHint.z
      value: 0
      objectReference: {fileID: 0}
    m_RemovedComponents: []
  m_SourcePrefab: {fileID: 100100000, guid: f76b41ce1e7c04448838dd8b9a2e6aa9, type: 3}
--- !u!1 &7668383038699411952 stripped
GameObject:
  m_CorrespondingSourceObject: {fileID: 100000, guid: f76b41ce1e7c04448838dd8b9a2e6aa9, type: 3}
  m_PrefabInstance: {fileID: 7668383038699380560}
  m_PrefabAsset: {fileID: 0}
--- !u!4 &7668383038698980816 stripped
Transform:
  m_CorrespondingSourceObject: {fileID: 400000, guid: f76b41ce1e7c04448838dd8b9a2e6aa9, type: 3}
  m_PrefabInstance: {fileID: 7668383038699380560}
  m_PrefabAsset: {fileID: 0}
--- !u!1001 &7668383038704484015
PrefabInstance:
  m_ObjectHideFlags: 0
  serializedVersion: 2
  m_Modification:
    m_TransformParent: {fileID: 7668383038851688499}
    m_Modifications:
    - target: {fileID: 4798256002257660416, guid: 12db804d18dfd144da99623f845cbbac, type: 3}
      propertyPath: m_RootOrder
      value: 2
      objectReference: {fileID: 0}
    - target: {fileID: 4798256002257660416, guid: 12db804d18dfd144da99623f845cbbac, type: 3}
      propertyPath: m_LocalPosition.x
      value: 0
      objectReference: {fileID: 0}
    - target: {fileID: 4798256002257660416, guid: 12db804d18dfd144da99623f845cbbac, type: 3}
      propertyPath: m_LocalPosition.y
      value: 0
      objectReference: {fileID: 0}
    - target: {fileID: 4798256002257660416, guid: 12db804d18dfd144da99623f845cbbac, type: 3}
      propertyPath: m_LocalPosition.z
      value: 0
      objectReference: {fileID: 0}
    - target: {fileID: 4798256002257660416, guid: 12db804d18dfd144da99623f845cbbac, type: 3}
      propertyPath: m_LocalRotation.w
      value: 1
      objectReference: {fileID: 0}
    - target: {fileID: 4798256002257660416, guid: 12db804d18dfd144da99623f845cbbac, type: 3}
      propertyPath: m_LocalRotation.x
      value: -0
      objectReference: {fileID: 0}
    - target: {fileID: 4798256002257660416, guid: 12db804d18dfd144da99623f845cbbac, type: 3}
      propertyPath: m_LocalRotation.y
      value: -0
      objectReference: {fileID: 0}
    - target: {fileID: 4798256002257660416, guid: 12db804d18dfd144da99623f845cbbac, type: 3}
      propertyPath: m_LocalRotation.z
      value: -0
      objectReference: {fileID: 0}
    - target: {fileID: 4798256002257660416, guid: 12db804d18dfd144da99623f845cbbac, type: 3}
      propertyPath: m_LocalEulerAnglesHint.x
      value: 0
      objectReference: {fileID: 0}
    - target: {fileID: 4798256002257660416, guid: 12db804d18dfd144da99623f845cbbac, type: 3}
      propertyPath: m_LocalEulerAnglesHint.y
      value: 0
      objectReference: {fileID: 0}
    - target: {fileID: 4798256002257660416, guid: 12db804d18dfd144da99623f845cbbac, type: 3}
      propertyPath: m_LocalEulerAnglesHint.z
      value: 0
      objectReference: {fileID: 0}
    - target: {fileID: 4798256002257660418, guid: 12db804d18dfd144da99623f845cbbac, type: 3}
      propertyPath: m_Materials.Array.size
      value: 1
      objectReference: {fileID: 0}
    - target: {fileID: 4798256002257660419, guid: 12db804d18dfd144da99623f845cbbac, type: 3}
      propertyPath: m_Name
      value: P_FX_fog_big_dungeon
      objectReference: {fileID: 0}
    m_RemovedComponents: []
  m_SourcePrefab: {fileID: 100100000, guid: 12db804d18dfd144da99623f845cbbac, type: 3}
--- !u!4 &2953593723640370351 stripped
Transform:
  m_CorrespondingSourceObject: {fileID: 4798256002257660416, guid: 12db804d18dfd144da99623f845cbbac, type: 3}
  m_PrefabInstance: {fileID: 7668383038704484015}
  m_PrefabAsset: {fileID: 0}
--- !u!1001 &7668383038758224738
PrefabInstance:
  m_ObjectHideFlags: 0
  serializedVersion: 2
  m_Modification:
    m_TransformParent: {fileID: 7668383038120014714}
    m_Modifications:
    - target: {fileID: 45971926866591842, guid: 4fb9edc23d149ad4fa38e0cd977efaaa, type: 3}
      propertyPath: m_Enabled
      value: 1
      objectReference: {fileID: 0}
    - target: {fileID: 45971926866591842, guid: 4fb9edc23d149ad4fa38e0cd977efaaa, type: 3}
      propertyPath: m_Materials.Array.data[0]
      value: 
      objectReference: {fileID: 2100000, guid: d7d14ebe8aad1d840b655b950c55eec6, type: 2}
    - target: {fileID: 45971926868492930, guid: 4fb9edc23d149ad4fa38e0cd977efaaa, type: 3}
      propertyPath: m_RootOrder
      value: 1
      objectReference: {fileID: 0}
    - target: {fileID: 45971926868492930, guid: 4fb9edc23d149ad4fa38e0cd977efaaa, type: 3}
      propertyPath: m_LocalScale.x
      value: 4.3110523
      objectReference: {fileID: 0}
    - target: {fileID: 45971926868492930, guid: 4fb9edc23d149ad4fa38e0cd977efaaa, type: 3}
      propertyPath: m_LocalScale.y
      value: 1.3264776
      objectReference: {fileID: 0}
    - target: {fileID: 45971926868492930, guid: 4fb9edc23d149ad4fa38e0cd977efaaa, type: 3}
      propertyPath: m_LocalScale.z
      value: 4.3110523
      objectReference: {fileID: 0}
    - target: {fileID: 45971926868492930, guid: 4fb9edc23d149ad4fa38e0cd977efaaa, type: 3}
      propertyPath: m_LocalPosition.x
      value: 0
      objectReference: {fileID: 0}
    - target: {fileID: 45971926868492930, guid: 4fb9edc23d149ad4fa38e0cd977efaaa, type: 3}
      propertyPath: m_LocalPosition.y
      value: 0
      objectReference: {fileID: 0}
    - target: {fileID: 45971926868492930, guid: 4fb9edc23d149ad4fa38e0cd977efaaa, type: 3}
      propertyPath: m_LocalPosition.z
      value: 0
      objectReference: {fileID: 0}
    - target: {fileID: 45971926868492930, guid: 4fb9edc23d149ad4fa38e0cd977efaaa, type: 3}
      propertyPath: m_LocalRotation.w
      value: 1
      objectReference: {fileID: 0}
    - target: {fileID: 45971926868492930, guid: 4fb9edc23d149ad4fa38e0cd977efaaa, type: 3}
      propertyPath: m_LocalRotation.x
      value: -0
      objectReference: {fileID: 0}
    - target: {fileID: 45971926868492930, guid: 4fb9edc23d149ad4fa38e0cd977efaaa, type: 3}
      propertyPath: m_LocalRotation.y
      value: -0
      objectReference: {fileID: 0}
    - target: {fileID: 45971926868492930, guid: 4fb9edc23d149ad4fa38e0cd977efaaa, type: 3}
      propertyPath: m_LocalRotation.z
      value: -0
      objectReference: {fileID: 0}
    - target: {fileID: 45971926868492930, guid: 4fb9edc23d149ad4fa38e0cd977efaaa, type: 3}
      propertyPath: m_LocalEulerAnglesHint.x
      value: 0
      objectReference: {fileID: 0}
    - target: {fileID: 45971926868492930, guid: 4fb9edc23d149ad4fa38e0cd977efaaa, type: 3}
      propertyPath: m_LocalEulerAnglesHint.y
      value: 0
      objectReference: {fileID: 0}
    - target: {fileID: 45971926868492930, guid: 4fb9edc23d149ad4fa38e0cd977efaaa, type: 3}
      propertyPath: m_LocalEulerAnglesHint.z
      value: 0
      objectReference: {fileID: 0}
    - target: {fileID: 45971926868598434, guid: 4fb9edc23d149ad4fa38e0cd977efaaa, type: 3}
      propertyPath: m_Name
      value: Portal
      objectReference: {fileID: 0}
    - target: {fileID: 45971926868598434, guid: 4fb9edc23d149ad4fa38e0cd977efaaa, type: 3}
      propertyPath: m_IsActive
      value: 1
      objectReference: {fileID: 0}
    - target: {fileID: 6591698234821662970, guid: 4fb9edc23d149ad4fa38e0cd977efaaa, type: 3}
      propertyPath: m_IsTrigger
      value: 1
      objectReference: {fileID: 0}
    m_RemovedComponents:
    - {fileID: 6591698234821662970, guid: 4fb9edc23d149ad4fa38e0cd977efaaa, type: 3}
  m_SourcePrefab: {fileID: 100100000, guid: 4fb9edc23d149ad4fa38e0cd977efaaa, type: 3}
--- !u!4 &7694613852204532192 stripped
Transform:
  m_CorrespondingSourceObject: {fileID: 45971926868492930, guid: 4fb9edc23d149ad4fa38e0cd977efaaa, type: 3}
  m_PrefabInstance: {fileID: 7668383038758224738}
  m_PrefabAsset: {fileID: 0}
--- !u!1001 &7668383038785107768
PrefabInstance:
  m_ObjectHideFlags: 0
  serializedVersion: 2
  m_Modification:
    m_TransformParent: {fileID: 7668383037924942436}
    m_Modifications:
    - target: {fileID: 100000, guid: e396cb8d258c1ec499254be4c7cb9f91, type: 3}
      propertyPath: m_Name
      value: SM_RuneRock_01 (1)
      objectReference: {fileID: 0}
    - target: {fileID: 400000, guid: e396cb8d258c1ec499254be4c7cb9f91, type: 3}
      propertyPath: m_RootOrder
      value: 1
      objectReference: {fileID: 0}
    - target: {fileID: 400000, guid: e396cb8d258c1ec499254be4c7cb9f91, type: 3}
      propertyPath: m_LocalPosition.x
      value: 5
      objectReference: {fileID: 0}
    - target: {fileID: 400000, guid: e396cb8d258c1ec499254be4c7cb9f91, type: 3}
      propertyPath: m_LocalPosition.y
      value: 0
      objectReference: {fileID: 0}
    - target: {fileID: 400000, guid: e396cb8d258c1ec499254be4c7cb9f91, type: 3}
      propertyPath: m_LocalPosition.z
      value: 4
      objectReference: {fileID: 0}
    - target: {fileID: 400000, guid: e396cb8d258c1ec499254be4c7cb9f91, type: 3}
      propertyPath: m_LocalRotation.w
      value: 0.92387956
      objectReference: {fileID: 0}
    - target: {fileID: 400000, guid: e396cb8d258c1ec499254be4c7cb9f91, type: 3}
      propertyPath: m_LocalRotation.x
      value: -0
      objectReference: {fileID: 0}
    - target: {fileID: 400000, guid: e396cb8d258c1ec499254be4c7cb9f91, type: 3}
      propertyPath: m_LocalRotation.y
      value: 0.38268343
      objectReference: {fileID: 0}
    - target: {fileID: 400000, guid: e396cb8d258c1ec499254be4c7cb9f91, type: 3}
      propertyPath: m_LocalRotation.z
      value: -0
      objectReference: {fileID: 0}
    - target: {fileID: 400000, guid: e396cb8d258c1ec499254be4c7cb9f91, type: 3}
      propertyPath: m_LocalEulerAnglesHint.x
      value: 0
      objectReference: {fileID: 0}
    - target: {fileID: 400000, guid: e396cb8d258c1ec499254be4c7cb9f91, type: 3}
      propertyPath: m_LocalEulerAnglesHint.y
      value: 45
      objectReference: {fileID: 0}
    - target: {fileID: 400000, guid: e396cb8d258c1ec499254be4c7cb9f91, type: 3}
      propertyPath: m_LocalEulerAnglesHint.z
      value: 0
      objectReference: {fileID: 0}
    m_RemovedComponents: []
  m_SourcePrefab: {fileID: 100100000, guid: e396cb8d258c1ec499254be4c7cb9f91, type: 3}
--- !u!4 &7668383038785236408 stripped
Transform:
  m_CorrespondingSourceObject: {fileID: 400000, guid: e396cb8d258c1ec499254be4c7cb9f91, type: 3}
  m_PrefabInstance: {fileID: 7668383038785107768}
  m_PrefabAsset: {fileID: 0}
--- !u!1001 &7668383039077547285
PrefabInstance:
  m_ObjectHideFlags: 0
  serializedVersion: 2
  m_Modification:
    m_TransformParent: {fileID: 7668383038851688499}
    m_Modifications:
    - target: {fileID: 9185907458619771004, guid: 6d745d943e5ddb34bb11b6b2f4a69cf8, type: 3}
      propertyPath: m_Name
      value: Stylized_Fog
      objectReference: {fileID: 0}
    - target: {fileID: 9185907458619771010, guid: 6d745d943e5ddb34bb11b6b2f4a69cf8, type: 3}
      propertyPath: m_Materials.Array.size
      value: 1
      objectReference: {fileID: 0}
    - target: {fileID: 9185907458619771011, guid: 6d745d943e5ddb34bb11b6b2f4a69cf8, type: 3}
      propertyPath: m_RootOrder
      value: 0
      objectReference: {fileID: 0}
    - target: {fileID: 9185907458619771011, guid: 6d745d943e5ddb34bb11b6b2f4a69cf8, type: 3}
      propertyPath: m_LocalPosition.x
      value: -0.60015106
      objectReference: {fileID: 0}
    - target: {fileID: 9185907458619771011, guid: 6d745d943e5ddb34bb11b6b2f4a69cf8, type: 3}
      propertyPath: m_LocalPosition.y
      value: 0.00045776367
      objectReference: {fileID: 0}
    - target: {fileID: 9185907458619771011, guid: 6d745d943e5ddb34bb11b6b2f4a69cf8, type: 3}
      propertyPath: m_LocalPosition.z
      value: -1.4961853
      objectReference: {fileID: 0}
    - target: {fileID: 9185907458619771011, guid: 6d745d943e5ddb34bb11b6b2f4a69cf8, type: 3}
      propertyPath: m_LocalRotation.w
      value: 1
      objectReference: {fileID: 0}
    - target: {fileID: 9185907458619771011, guid: 6d745d943e5ddb34bb11b6b2f4a69cf8, type: 3}
      propertyPath: m_LocalRotation.x
      value: -0
      objectReference: {fileID: 0}
    - target: {fileID: 9185907458619771011, guid: 6d745d943e5ddb34bb11b6b2f4a69cf8, type: 3}
      propertyPath: m_LocalRotation.y
      value: -0
      objectReference: {fileID: 0}
    - target: {fileID: 9185907458619771011, guid: 6d745d943e5ddb34bb11b6b2f4a69cf8, type: 3}
      propertyPath: m_LocalRotation.z
      value: -0
      objectReference: {fileID: 0}
    - target: {fileID: 9185907458619771011, guid: 6d745d943e5ddb34bb11b6b2f4a69cf8, type: 3}
      propertyPath: m_LocalEulerAnglesHint.x
      value: 0
      objectReference: {fileID: 0}
    - target: {fileID: 9185907458619771011, guid: 6d745d943e5ddb34bb11b6b2f4a69cf8, type: 3}
      propertyPath: m_LocalEulerAnglesHint.y
      value: 0
      objectReference: {fileID: 0}
    - target: {fileID: 9185907458619771011, guid: 6d745d943e5ddb34bb11b6b2f4a69cf8, type: 3}
      propertyPath: m_LocalEulerAnglesHint.z
      value: 0
      objectReference: {fileID: 0}
    m_RemovedComponents: []
  m_SourcePrefab: {fileID: 100100000, guid: 6d745d943e5ddb34bb11b6b2f4a69cf8, type: 3}
--- !u!4 &1518126030823126422 stripped
Transform:
  m_CorrespondingSourceObject: {fileID: 9185907458619771011, guid: 6d745d943e5ddb34bb11b6b2f4a69cf8, type: 3}
  m_PrefabInstance: {fileID: 7668383039077547285}
  m_PrefabAsset: {fileID: 0}
--- !u!1001 &7668383039170885511
PrefabInstance:
  m_ObjectHideFlags: 0
  serializedVersion: 2
  m_Modification:
    m_TransformParent: {fileID: 7668383038851688499}
    m_Modifications:
    - target: {fileID: 5281817780694362843, guid: 30676f232a1876f40a16219b65af703f, type: 3}
      propertyPath: m_IsActive
      value: 0
      objectReference: {fileID: 0}
    - target: {fileID: 8056190636592168669, guid: 30676f232a1876f40a16219b65af703f, type: 3}
      propertyPath: m_Materials.Array.size
      value: 1
      objectReference: {fileID: 0}
    - target: {fileID: 8838287413623752134, guid: 30676f232a1876f40a16219b65af703f, type: 3}
      propertyPath: m_RootOrder
      value: 3
      objectReference: {fileID: 0}
    - target: {fileID: 8838287413623752134, guid: 30676f232a1876f40a16219b65af703f, type: 3}
      propertyPath: m_LocalPosition.x
      value: 0
      objectReference: {fileID: 0}
    - target: {fileID: 8838287413623752134, guid: 30676f232a1876f40a16219b65af703f, type: 3}
      propertyPath: m_LocalPosition.y
      value: 0
      objectReference: {fileID: 0}
    - target: {fileID: 8838287413623752134, guid: 30676f232a1876f40a16219b65af703f, type: 3}
      propertyPath: m_LocalPosition.z
      value: 0
      objectReference: {fileID: 0}
    - target: {fileID: 8838287413623752134, guid: 30676f232a1876f40a16219b65af703f, type: 3}
      propertyPath: m_LocalRotation.w
      value: 1
      objectReference: {fileID: 0}
    - target: {fileID: 8838287413623752134, guid: 30676f232a1876f40a16219b65af703f, type: 3}
      propertyPath: m_LocalRotation.x
      value: -0
      objectReference: {fileID: 0}
    - target: {fileID: 8838287413623752134, guid: 30676f232a1876f40a16219b65af703f, type: 3}
      propertyPath: m_LocalRotation.y
      value: -0
      objectReference: {fileID: 0}
    - target: {fileID: 8838287413623752134, guid: 30676f232a1876f40a16219b65af703f, type: 3}
      propertyPath: m_LocalRotation.z
      value: -0
      objectReference: {fileID: 0}
    - target: {fileID: 8838287413623752134, guid: 30676f232a1876f40a16219b65af703f, type: 3}
      propertyPath: m_LocalEulerAnglesHint.x
      value: 0
      objectReference: {fileID: 0}
    - target: {fileID: 8838287413623752134, guid: 30676f232a1876f40a16219b65af703f, type: 3}
      propertyPath: m_LocalEulerAnglesHint.y
      value: 0
      objectReference: {fileID: 0}
    - target: {fileID: 8838287413623752134, guid: 30676f232a1876f40a16219b65af703f, type: 3}
      propertyPath: m_LocalEulerAnglesHint.z
      value: 0
      objectReference: {fileID: 0}
    - target: {fileID: 9002380880433531131, guid: 30676f232a1876f40a16219b65af703f, type: 3}
      propertyPath: m_Name
      value: P_FX_fire
      objectReference: {fileID: 0}
    m_RemovedComponents: []
  m_SourcePrefab: {fileID: 100100000, guid: 30676f232a1876f40a16219b65af703f, type: 3}
--- !u!4 &1210472337727599169 stripped
Transform:
  m_CorrespondingSourceObject: {fileID: 8838287413623752134, guid: 30676f232a1876f40a16219b65af703f, type: 3}
  m_PrefabInstance: {fileID: 7668383039170885511}
  m_PrefabAsset: {fileID: 0}
